[ AOE2 MATCH · #507141791 ]
UnrankedMapuche vs Chinese
Player's team · WIN
Rival team · LOSS
[ REPLAY ANALYSIS · EXTRACTED FROM THE RECORDED GAME ]
Feudal
11:43
Castle
30:50
Imperial
—
| APM avg | 56.0 |
| APM peak | 111 |
| eAPM avg | 26.0 |
| Villagers / military | 81 / 79 |
Focus
⚔️ 39.9% · 🌾 60.1%
Unknown (2550) ×165 · Spearman ×64 · Battering Ram ×9 · Skirmisher ×6
Feudal
9:03
Castle
22:33
Imperial
46:15
| APM avg | 68.8 |
| APM peak | 103 |
| eAPM avg | 25.1 |
| Villagers / military | 165 / 108 |
Focus
⚔️ 31.7% · 🌾 68.3%
Knight ×47 · Archer ×39 · Scout Cavalry ×14 · Monk ×6 · Skirmisher ×2
Match map
Initial resources + every placement click. Lines = walls · curves = elevation contours. ◆ gold · ⬟ stone · ● berries · ✦ relic · ◌ wall gap
Your base· Open — unwalled flank
jianglin612's base· Open — 4t gap
Smoothed initial terrain · ◌ = detected wall gap · hover for details
Inputs per minute
— HazEy1 - - jianglin612
Build order — HazEy1
First 150 of 422 actions detected
| 0:00 | Queue | Villager (Male) |
| 0:02 | Build | House |
| 0:04 | Build | House |
| 0:06 | Queue | Villager (Male) |
| 0:07 | Queue | Villager (Male) |
| 0:07 | Queue | Villager (Male) |
| 0:07 | Queue | Villager (Male) |
| 1:26 | Queue | Villager (Male) |
| 1:51 | Build | Settlement |
| 2:22 | Queue | Villager (Male) |
| 2:22 | Queue | Villager (Male) |
| 2:53 | Queue | Villager (Male) |
| 3:16 | Queue | Villager (Male) |
| 3:37 | Queue | Villager (Male) |
| 3:54 | Queue | Villager (Male) |
| 4:50 | Queue | Villager (Male) |
| 4:50 | Queue | Villager (Male) |
| 4:50 | Queue | Villager (Male) |
| 4:50 | Queue | Villager (Male) |
| 5:18 | Build | Barracks |
| 5:24 | Queue | Villager (Male) |
| 5:41 | Queue | Villager (Male) |
| 5:41 | Queue | Villager (Male) |
| 6:23 | Queue | Unit 2550 |
| 6:29 | Build | House |
| 6:37 | Research | Loom |
| 6:54 | Queue | Villager (Male) |
| 7:02 | Queue | Unit 2550 |
| 7:04 | Queue | Villager (Male) |
| 7:18 | Build | Settlement |
| 7:40 | Queue | Unit 2550 |
| 7:53 | Queue | Villager (Male) |
| 8:06 | Build | Farm |
| 8:12 | Queue | Unit 2550 |
| 8:28 | Queue | Villager (Male) |
| 8:57 | Queue | Villager (Male) |
| 9:22 | Build | Outpost |
| 9:33 | Research | Feudal Age |
| 9:34 | Research | Feudal Age |
| 9:44 | Queue | Unit 2550 |
| 9:47 | Build | House |
| 9:53 | Build | Farm |
| 9:54 | Build | Farm |
| 10:12 | Queue | Villager (Male) |
| 10:34 | Build | Farm |
| 10:37 | Queue | Unit 2550 |
| 10:40 | Build | House |
| 11:27 | Queue | Unit 2550 |
| 11:43 | Age | Feudal Age |
| 11:44 | Research | Tech 1402 |
| 11:48 | Queue | Villager (Male) |
| 12:00 | Build | Blacksmith |
| 12:03 | Queue | Villager (Male) |
| 12:21 | Research | Double-Bit Axe |
| 12:30 | Queue | Spearman |
| 12:39 | Research | Scale Mail Armor |
| 12:40 | Queue | Villager (Male) |
| 12:44 | Queue | Villager (Male) |
| 12:57 | Queue | Unit 2550 |
| 12:59 | Queue | Spearman |
| 13:00 | Queue | Villager (Male) |
| 13:41 | Queue | Spearman |
| 13:41 | Queue | Spearman |
| 13:49 | Queue | Spearman |
| 14:06 | Build | Farm |
| 14:08 | Build | Farm |
| 14:08 | Queue | Villager (Male) |
| 14:10 | Queue | Unit 2550 |
| 14:11 | Queue | Spearman |
| 14:20 | Build | Farm |
| 14:43 | Queue | Villager (Male) |
| 14:53 | Build | Settlement |
| 15:38 | Build | Barracks |
| 16:10 | Queue | Villager (Male) |
| 16:11 | Queue | Villager (Male) |
| 16:13 | Queue | Unit 2550 |
| 16:14 | Queue | Unit 2550 |
| 16:16 | Queue | Spearman |
| 16:45 | Queue | Spearman |
| 16:45 | Queue | Spearman |
| 16:47 | Queue | Unit 2550 |
| 16:48 | Queue | Unit 2550 |
| 16:58 | Build | Barracks |
| 16:59 | Queue | Unit 2550 |
| 17:00 | Queue | Unit 2550 |
| 17:25 | Queue | Unit 2550 |
| 17:25 | Queue | Unit 2550 |
| 17:43 | Queue | Villager (Male) |
| 17:48 | Build | Farm |
| 17:52 | Build | House |
| 17:54 | Queue | Unit 2550 |
| 17:54 | Queue | Unit 2550 |
| 17:54 | Queue | Unit 2550 |
| 17:56 | Build | House |
| 18:04 | Queue | Villager (Male) |
| 18:08 | Build | Farm |
| 18:22 | Queue | Villager (Male) |
| 18:37 | Queue | Villager (Male) |
| 18:38 | Queue | Unit 2550 |
| 18:38 | Queue | Unit 2550 |
| 18:39 | Queue | Unit 2550 |
| 19:04 | Queue | Unit 2550 |
| 19:05 | Queue | Unit 2550 |
| 19:09 | Build | Farm |
| 19:12 | Build | Farm |
| 19:29 | Queue | Unit 2550 |
| 19:39 | Queue | Unit 2550 |
| 19:39 | Queue | Unit 2550 |
| 19:54 | Queue | Villager (Male) |
| 19:58 | Build | Farm |
| 20:01 | Build | Farm |
| 20:13 | Queue | Unit 2550 |
| 20:18 | Queue | Villager (Male) |
| 20:22 | Build | Farm |
| 20:25 | Build | Farm |
| 20:35 | Queue | Villager (Male) |
| 20:39 | Build | Farm |
| 21:01 | Queue | Unit 2550 |
| 21:01 | Queue | Unit 2550 |
| 21:31 | Research | Wheelbarrow |
| 21:34 | Build | House |
| 21:50 | Queue | Unit 2550 |
| 22:05 | Queue | Villager (Male) |
| 22:07 | Build | Farm |
| 22:07 | Queue | Unit 2550 |
| 22:26 | Queue | Villager (Male) |
| 22:28 | Build | Farm |
| 22:36 | Research | Forging |
| 23:08 | Queue | Villager (Male) |
| 23:12 | Build | Market |
| 23:14 | Build | Barracks |
| 23:40 | Queue | Villager (Male) |
| 23:45 | Build | Farm |
| 23:57 | Queue | Unit 2550 |
| 23:57 | Queue | Unit 2550 |
| 23:58 | Queue | Unit 2550 |
| 24:03 | Queue | Spearman |
| 24:03 | Queue | Spearman |
| 24:08 | Queue | Skirmisher |
| 24:08 | Queue | Skirmisher |
| 24:21 | Build | Farm |
| 24:22 | Build | Farm |
| 24:23 | Build | Farm |
| 24:26 | Queue | Unit 2550 |
| 24:27 | Queue | Unit 2550 |
| 24:27 | Queue | Unit 2550 |
| 24:29 | Queue | Villager (Male) |
| 24:30 | Queue | Villager (Male) |
| 24:40 | Build | Farm |
| 24:46 | Build | Farm |
Build order — jianglin612
First 150 of 423 actions detected
| 0:04 | Research | Loom |
| 0:41 | Queue | Villager (Male) |
| 1:08 | Queue | Villager (Male) |
| 1:08 | Queue | Villager (Male) |
| 1:34 | Queue | Villager (Male) |
| 2:06 | Queue | Villager (Male) |
| 2:19 | Queue | Villager (Male) |
| 2:39 | Build | Lumber Camp |
| 2:58 | Queue | Villager (Male) |
| 3:00 | Queue | Villager (Male) |
| 3:16 | Build | House |
| 3:22 | Build | House |
| 3:31 | Queue | Villager (Male) |
| 3:31 | Queue | Villager (Male) |
| 3:32 | Queue | Villager (Male) |
| 4:06 | Queue | Villager (Male) |
| 4:15 | Queue | Villager (Male) |
| 4:33 | Queue | Villager (Male) |
| 5:03 | Queue | Villager (Male) |
| 5:10 | Build | Mill |
| 6:20 | Queue | Villager (Male) |
| 6:49 | Queue | Villager (Male) |
| 6:53 | Research | Feudal Age |
| 7:38 | Build | Barracks |
| 7:53 | Build | Palisade Wall |
| 8:01 | Build | House |
| 8:16 | Build | Palisade Wall |
| 8:18 | Build | Palisade Wall |
| 8:26 | Build | Palisade Wall |
| 8:30 | Build | Palisade Wall |
| 8:41 | Queue | Villager (Male) |
| 8:58 | Queue | Villager (Male) |
| 9:03 | Age | Feudal Age |
| 9:11 | Build | Farm |
| 9:16 | Build | Stable |
| 9:27 | Queue | Villager (Male) |
| 9:33 | Build | Farm |
| 9:35 | Research | Double-Bit Axe |
| 9:56 | Build | Farm |
| 9:58 | Build | Farm |
| 10:09 | Queue | Scout Cavalry |
| 10:14 | Build | Farm |
| 10:24 | Build | House |
| 10:25 | Build | Palisade Wall |
| 10:32 | Queue | Scout Cavalry |
| 10:35 | Queue | Villager (Male) |
| 10:39 | Build | Farm |
| 10:54 | Queue | Villager (Male) |
| 11:16 | Build | Farm |
| 11:18 | Queue | Villager (Male) |
| 11:22 | Build | Farm |
| 11:24 | Build | Farm |
| 11:43 | Queue | Scout Cavalry |
| 11:47 | Queue | Villager (Male) |
| 12:06 | Build | Farm |
| 12:13 | Build | Farm |
| 12:15 | Build | Farm |
| 12:17 | Queue | Villager (Male) |
| 12:22 | Queue | Scout Cavalry |
| 12:29 | Build | Farm |
| 12:42 | Queue | Villager (Male) |
| 12:58 | Build | Archery Range |
| 13:03 | Queue | Villager (Male) |
| 13:10 | Queue | Scout Cavalry |
| 13:26 | Build | House |
| 13:28 | Queue | Villager (Male) |
| 13:59 | Queue | Scout Cavalry |
| 14:00 | Queue | Archer |
| 14:05 | Build | Mining Camp |
| 14:09 | Queue | Villager (Male) |
| 14:18 | Queue | Scout Cavalry |
| 14:20 | Queue | Villager (Male) |
| 14:28 | Build | House |
| 14:33 | Build | Palisade Wall |
| 14:37 | Build | House |
| 14:38 | Build | Palisade Wall |
| 14:43 | Queue | Scout Cavalry |
| 14:51 | Queue | Skirmisher |
| 14:56 | Queue | Villager (Male) |
| 15:11 | Queue | Villager (Male) |
| 15:27 | Queue | Archer |
| 15:27 | Queue | Archer |
| 15:56 | Queue | Villager (Male) |
| 15:59 | Queue | Villager (Male) |
| 16:10 | Build | Archery Range |
| 16:15 | Queue | Skirmisher |
| 16:23 | Queue | Villager (Male) |
| 16:28 | Queue | Villager (Male) |
| 16:31 | Build | House |
| 16:33 | Build | House |
| 16:54 | Queue | Archer |
| 17:07 | Queue | Villager (Male) |
| 17:14 | Build | House |
| 17:29 | Queue | Villager (Male) |
| 17:34 | Queue | Archer |
| 17:34 | Queue | Archer |
| 17:40 | Build | Farm |
| 18:00 | Queue | Scout Cavalry |
| 18:02 | Queue | Villager (Male) |
| 18:06 | Build | Farm |
| 18:09 | Build | Farm |
| 18:09 | Build | Farm |
| 18:09 | Build | Farm |
| 18:11 | Build | Farm |
| 18:23 | Queue | Archer |
| 18:23 | Queue | Archer |
| 18:43 | Queue | Villager (Male) |
| 18:45 | Queue | Archer |
| 18:59 | Queue | Archer |
| 18:59 | Queue | Archer |
| 19:17 | Queue | Scout Cavalry |
| 19:45 | Build | Farm |
| 19:53 | Research | Castle Age |
| 20:13 | Queue | Archer |
| 20:13 | Queue | Archer |
| 20:19 | Queue | Villager (Male) |
| 20:20 | Build | Farm |
| 20:21 | Build | Farm |
| 20:28 | Queue | Villager (Male) |
| 20:37 | Research | Horse Collar |
| 20:40 | Queue | Scout Cavalry |
| 20:47 | Build | House |
| 20:58 | Build | Farm |
| 21:00 | Queue | Villager (Male) |
| 21:02 | Build | Blacksmith |
| 21:23 | Queue | Scout Cavalry |
| 21:24 | Queue | Scout Cavalry |
| 21:38 | Build | House |
| 21:40 | Build | House |
| 21:42 | Build | House |
| 21:44 | Build | House |
| 21:46 | Build | House |
| 21:48 | Queue | Villager (Male) |
| 21:49 | Queue | Scout Cavalry |
| 21:55 | Queue | Archer |
| 21:55 | Queue | Archer |
| 21:56 | Queue | Archer |
| 21:57 | Queue | Archer |
| 21:58 | Queue | Archer |
| 22:17 | Build | House |
| 22:18 | Build | House |
| 22:23 | Build | House |
| 22:25 | Build | House |
| 22:33 | Age | Castle Age |
| 22:51 | Build | Farm |
| 22:53 | Build | Farm |
| 22:54 | Queue | Villager (Male) |
| 23:18 | Queue | Villager (Male) |
| 23:31 | Research | Fletching |
| 23:40 | Build | Farm |
Match timeline
| 5:18 | HazEy1 · first_building Barracks |
| 7:38 | jianglin612 · first_building Barracks |
| 7:53 | jianglin612 · wall_segment Palisade Wall x1 |
| 8:16 | jianglin612 · wall_segment Palisade Wall x1 |
| 8:18 | jianglin612 · wall_segment Palisade Wall x1 |
| 8:26 | jianglin612 · wall_segment Palisade Wall x1 |
| 8:30 | jianglin612 · wall_segment Palisade Wall x7 |
| 9:03 | jianglin612 · age_up feudal |
| 9:16 | jianglin612 · first_building Stable |
| 10:25 | jianglin612 · wall_segment Palisade Wall x3 |
| 11:43 | HazEy1 · age_up feudal |
| 12:58 | jianglin612 · first_building Archery Range |
| 14:33 | jianglin612 · wall_segment Palisade Wall x6 |
| 14:38 | jianglin612 · wall_segment Palisade Wall x7 |
| 22:33 | jianglin612 · age_up castle |
| 24:38 | jianglin612 · wall_segment Palisade Wall x1 |
| 30:10 | jianglin612 · first_building Monastery |
| 30:50 | HazEy1 · age_up castle |
| 33:08 | HazEy1 · first_building Siege Workshop |
| 37:31 | jianglin612 · wall_segment Palisade Wall x9 |
| 37:36 | jianglin612 · wall_segment Palisade Wall x1 |
| 37:36 | HazEy1 · first_building Monastery |
| 40:09 | jianglin612 · wall_segment Palisade Wall x8 |
| 40:27 | jianglin612 · wall_segment Palisade Wall x11 |
| 46:15 | jianglin612 · age_up imperial |
| 47:49 | jianglin612 · resign |
[ AI ANALYSIS · 1 CREDIT ]
What really happened in this match?
Wolo.gg analyzes every decision: build order, eco, micro, common mistakes by bracket. Personalized analysis on WhatsApp or Discord in 30 seconds.
Civ guide
Mapuche
Perfil
Jugador #238842